AoeStats
← DRiehl

Highland

506242035Analyzed
2v2 RM · 18d ago on Sep 12, 2026· 44m 29s· 4 players
Game mode
Random Map
Map size
Medium (4 player)
Population
200
Speed
Normal
Resources
Standard
Victory
Conquest
Starting age
Dark Age
Ending age
Imperial Age
RankedLock teamsTeams togetherTeam positionsShared explorationLock speedFull tech treeHidden civsTurbo modeCheats
Victory
Defeat
🇦🇷 Italians · Argentina
419
+16
🇦🇷 Byzantines · Argentina
403
+17
🇺🇸 Malay · United States
451
-17
🇺🇸 Franks · United States
407
-16
Logo
16:10 Feudal Age
16:42 Double-Bit Axe
16:41 Horse Collar
16:55 Stone Mining
16:59 Gold Mining
20:22 Fishing Lines
24:44 Castle Age
23:35 Loom
25:32 Wheelbarrow
25:16 Pikeman
25:57 Squires
32:54 Imperial Age
34:20 Bow Saw
34:14 Heavy Plow
34:25 Halberdier
36:18 Forging
36:09 Scale Mail Armor
36:53 Gillnets
37:33 Capped Ram
39:06 Stone Shaft Mining
41:43 Crop Rotation
el gordo eduardo
13:32 Feudal Age
14:05 Horse Collar
14:14 Double-Bit Axe
14:23 Gold Mining
16:55 Padded Archer Armor
16:46 Fletching
17:15 Stone Mining
23:56 Castle Age
23:16 Forging
23:07 Scale Mail Armor
24:52 Pikeman
25:35 Squires
26:37 Crossbowman
29:18 Chain Mail Armor
29:19 Leather Archer Armor
29:40 Iron Casting
33:49 Bow Saw
35:13 Heavy Plow
35:55 Stone Shaft Mining
40:59 Thumb Ring
KIDSBURNFACE
2:56 Loom
14:40 Feudal Age
15:11 Wheelbarrow
14:22 Town Watch
17:06 Double-Bit Axe
18:47 Horse Collar
24:01 Castle Age
24:54 Forging
25:26 Stone Mining
26:22 Pikeman
27:04 Squires
26:51 Arson
30:31 Treadmill Crane
32:16 Gold Mining
37:56 Imperial Age
40:43 Conscription
40:46 Bow Saw
DRiehl
12:25 Loom
14:12 Feudal Age
20:27 Castle Age
19:38 Scale Barding Armor
21:29 Husbandry
25:48 Double-Bit Axe
32:42 Chain Barding Armor
32:35 Forging
36:59 Imperial Age
34:59 Elite Skirmisher
36:19 Iron Casting
35:34 Fletching
35:45 Padded Archer Armor
37:29 Cavalier
39:56 Bow Saw
44:41 Plate Barding Armor
45:08 Blast Furnace
Connection lost

Rejoining the realm…

Still unreachable

The connection could not be restored.

Session expired

The server has moved on; the page needs a fresh start.